 Dungeon Crawl Stone Soup version 0.30-a0-949-g53dc5368d7 (webtiles) character file.

Game seed: 7683118572170276938

156437 112233 the Spry (level 16, 0/108 HPs)
             Began as a Felid Air Elementalist on Mar 27, 2023.
             Was a High Priest of Jiyva.
             Slain by an ice devil (33 damage)
             ... summoned by a deep elf demonologist
             ... on level 3 of the Elven Halls.
             The game lasted 01:17:27 (46632 turns).

112233 the Spry (Felid Air Elementalist)           Turns: 46632, Time: 01:17:28

Health: 0/108      AC: 20    Str: 14    XL:     16   Next: 82%
Magic:  37/38      EV: 20    Int: 36    God:    Jiyva [*****.]
Gold:   671        SH:  0    Dex: 20    Spells: 12/49 levels left
                                        Lives:  0   Deaths: 2

rFire   + + .      SeeInvis +      - Unarmed
rCold   x . .      Faith    .    (shield unavailable)
rNeg    . . .      Spirit   .    (body armour unavailable)
rPois   +          Reflect  .    (helmet unavailable)
rElec   .          Rampage  .    (cloak unavailable)
rCorr   +                        (gloves unavailable)
Will    ++...                    (boots unavailable)
Stlth   +++                      n - amulet of the Commoners {Regen+ Str+3}
HPRegen 2.62/turn                l - +6 ring of intelligence
MPRegen 0.71/turn                s - +4 ring of protection

@: dragon-form, calling ooze, flying
A: dragon claw, dragon scales, breathe fire, flying, boosted hp, giant, (claws
1), (fangs 3), see invisible, (speed 1), (shaggy fur 3), (stealthy paws), no
weapons or thrown items, no armour, multi-lived, (iridescent scales 2), agile 1,
clever 2, frail 1, (poison resistance), (gelatinous body 2), (translucent skin
2), (heat vulnerability 1), noise suppression
}: 1/15 runes: slimy
a: Breathe Fire, End Transformation, Renounce Religion, Oozemancy, Slimify


You were on level 3 of the Elven Halls.
You worshipped Jiyva.
Jiyva was extremely pleased with you.
You were a fearsome dragon!
You visited 8 branches of the dungeon, and saw 35 of its levels.
You visited the Abyss 1 time.
You also visited: Trove.

You collected 1825 gold pieces.
You spent 1154 gold pieces at shops.

Inventory:

Jewellery
 f - an amulet of guardian spirit
 g - a +5 ring of evasion
 l - a +6 ring of intelligence (left foreclaw)
 n - the amulet of the Commoners (around neck) {Regen+ Str+3}
   (You acquired it on level 1 of the Elven Halls)

   [amulet of regeneration]

   Str:       It affects your strength (+3).
   Regen:     It increases your rate of health regeneration.
 r - the amulet of Xom's Capriciousness {Faith Will+ rCorr}
   (You found it on level 5 of the Pits of Slime)

   [amulet of faith]

   It allows you to gain divine favour quickly.
   rCorr:     It protects you from acid and corrosion.
   Will:      It increases your willpower.
 s - a +4 ring of protection (right foreclaw)
 t - a ring of protection from fire
 y - a ring of magical power
 G - a ring of willpower
Wands
 b - a wand of flame (49)
 o - a wand of polymorph (5)
 I - a wand of iceblast (4)
 K - a wand of paralysis (9)
Scrolls
 a - 9 scrolls of identify
 c - 3 scrolls of amnesia
 h - 4 scrolls of vulnerability
 i - 4 scrolls of fog
 j - a scroll of noise
 p - a scroll of fear
 x - 2 scrolls of butterflies
 z - a scroll of poison
 B - 6 scrolls of magic mapping
 E - a scroll of immolation
 H - a scroll of blinking {unknown}
 N - a scroll of torment
 Q - a scroll of enchant armour {unknown}
Potions
 e - 2 potions of degeneration
 k - 3 potions of attraction
 m - 2 potions of magic
 q - 9 potions of curing
 u - 3 potions of haste
 v - a potion of mutation
 w - 5 potions of ambrosia
 A - 2 potions of berserk rage
 C - 3 potions of flight
 D - 2 potions of lignification
 F - 4 potions of brilliance
 J - a potion of resistance
 L - 5 potions of might
 O - a potion of cancellation {unknown}
 P - a potion of invisibility {unknown}
Miscellaneous
 M - a box of beasts


   Skills:
 + Level 15.6 Fighting
 + Level 20.0 Dodging
 - Level 2.8 Stealth
 + Level 9.6 Unarmed Combat
 - Level 17.2 Spellcasting
 - Level 1.0 Conjurations
 + Level 13.3 Transmutations
 - Level 8.6 Air Magic


You had 12 spell levels left.
You knew the following spells:

 Your Spells              Type           Power      Damage    Failure   Level
a - Summon Lightning Spi  Summ/Air       58%        N/A       1%          4
b - Static Discharge      Conj/Air       100%       2-7/arc   1%          2
c - Airstrike             Air            37%        2d(6-22)  1%          4
d - Swiftness             Air            75%        N/A       1%          3
e - Dragon Form           Tmut           45%        N/A       3%          7
f - Mephitic Cloud        Conj/Pois/Air  53%        N/A       1%          3
g - Irradiate             Conj/Tmut      35%        3d23      1%          5
h - Wereblood             Tmut           91%        N/A       0%          2
i - Shock                 Conj/Air       100%       1d9       1%          1
j - Statue Form           Tmut/Erth      45%        N/A       11%         6

Your spell library contained the following spells:

 Spells                   Type           Power      Damage    Failure   Level
 Beastly Appendage        Tmut           100%       N/A       0%          1
 Foxfire                  Conj/Fire      100%       2x1d9     1%          1
 Necrotise                Necr           100%       1d9       1%          1
 Summon Small Mammal      Summ           100%       N/A       1%          1
 Cigotuvi's Dreadful Rot  Necr/Pois/Air  100%       N/A       1%          2
 Ensorcelled Hibernation  Hex/Ice        62%        N/A       1%          2
 Poisonous Vapours        Pois/Air       100%       N/A       1%          2
 Sublimation of Blood     Necr           31%        N/A       1%          2
 Kindle Blastsparks       Fire/Tloc/Air  100%       2d18      1%          3
 Spider Form              Tmut/Pois      68%        N/A       1%          3
 Ice Form                 Ice/Tmut       68%        N/A       1%          4
 Alistair's Intoxication  Tmut/Pois      45%        N/A       1%          5
 Blade Hands              Tmut           45%        N/A       1%          5
 Yara's Violent Unravell  Hex/Tmut       34%        3d14      1%          5
 Hailstorm                Conj/Ice       34%        3d9       2%          3
 Call Canine Familiar     Summ           31%        N/A       3%          3
 Frozen Ramparts          Ice            62%        1d10      3%          3
 Summon Guardian Golem    Hex/Summ       31%        N/A       3%          3
 Tukima's Dance           Hex            31%        N/A       3%          3
 Vampiric Draining        Necr           31%        2d8       3%          3
 Arcjolt                  Conj/Air       30%        1d40      4%          5
 Plasma Beam              Fire/Air       29%        2x1d45    5%          5
 Fulminant Prism          Conj/Hex       17%        3d10      9%          4
 Iskenderun's Mystic Bla  Conj/Tloc      34%        2d8       9%          4
 Anguish                  Hex/Necr       15%        N/A       11%         4
 Animate Dead             Necr           31%        N/A       11%         4
 Cause Fear               Hex            15%        N/A       11%         4
 Leda's Liquefaction      Hex/Erth       15%        N/A       11%         4
 Eringya's Noxious Bog    Tmut/Pois      34%        N/A       11%         6
 Agony                    Necr           31%        N/A       30%         5
 Lee's Rapid Deconstruct  Erth           15%        3d10*     30%         5
 Metabolic Englaciation   Hex/Ice        15%        N/A       30%         5
 Death Channel            Necr           15%        N/A       86%         6
 Simulacrum               Ice/Necr       15%        N/A       86%         6
 Necromutation            Tmut/Necr      34%        N/A       99%         8
 Haunt                    Necr/Summ      15%        N/A       100%        7
 Borgnjor's Revivificati  Necr           15%        N/A       100%        8
 Infestation              Necr           15%        N/A       100%        8
 Lehudib's Crystal Spear  Conj/Erth      17%        10d5      100%        8
 Death's Door             Necr           15%        N/A       100%        9
 Dragon's Call            Summ           15%        N/A       100%        9
 Fire Storm               Conj/Fire      17%        8d4       100%        9
 Portal Projectile        Hex/Tloc       Unusable   N/A       N/A         3

Dungeon Overview and Level Annotations

Branches:
Dungeon (15/15)            Temple (1/1) D:4            Lair (5/5) D:8
  Swamp (3/4) Lair:3        Snake (1/4) Lair:2        Slime (5/5) Lair:5
    Orc (2/2) D:10            Elf (3/3) Orc:2        Vaults (0/5) D:14
 Depths: D:15

Altars:
Ashenzari
Cheibriados
Dithmenos
Elyvilon
Fedhas
Hepliaklqana
Kikubaaqudgha
Makhleb
Nemelex Xobeh
Qazlal
Ru
Sif Muna
Trog
Uskayaw
Vehumet
Xom
Yredelemnul
Zin
Jiyva

Shops:
D:8 !*(??   D:9 [   Orc:2 [([*?   Elf:3 ?

Portals:
Hell: Lair:5

Annotations:
D:2 1 runed translucent door, exclusion: 2 downstairs, Crazy Yiuf
D:3 exclusion: downstairs, Sigmund
D:4 2 runed translucent doors, exclusions: downstairs and upstairs, Pascal76's ghost, amateur GrBe
D:6 Dowan; Eustachio
D:7 exclusion: downstairs
D:8 exclusion: 2 downstairs
D:11 3 runed translucent doors, Conn's ghost, journeyman OpFE
D:12 2 transporters, TimeIsEndless's ghost, journeyman VSMo
D:14 exclusion: 2 downstairs
Lair:2 2 transporters, tmaa's ghost, journeyman MiFi
Lair:4 2 transporters, Dory's ghost, journeyman MeEE
Slime:5 Royal Jelly
Orc:1 1 runed translucent door
Elf:1 3 runed translucent doors
Elf:2 5 runed translucent doors


Innate Abilities, Weirdness & Mutations

You are a fearsome dragon!
You have a powerful clawing attack.
Your giant scaled body is strong and resiliant, but less evasive.
You can breathe fire.
You are flying.
Your maximum health is greatly increased.
((You have sharp claws.))
((You have razor-sharp teeth.))
You have supernaturally acute eyesight. (SInv)
((You cover ground quickly. (Speed+)))
((Your thick and shaggy fur keeps you warm. (AC +3, rC+)))
((Your paws help you pounce on unaware monsters.))
You are incapable of wielding weapons or throwing items.
You cannot wear armour.
You gain extra lives every three experience levels.
((You are mostly covered in iridescent scales. (AC +4)))
You are agile. (Dex +4, Str/Int -1)
Your mind is very acute. (Int +8, Str/Dex -2)
You are frail. (-10% HP)
((Your system is resistant to poisons. (rPois)))
((Your pliable body absorbs attacks. (AC +2, EV +2)))
((Your translucent skin reduces your foes' accuracy. (Stealth+)))
((You are vulnerable to heat. (rF-)))
You passively dampen the noise of your surroundings.


Message History

The blizzard demon is moderately wounded.
The blizzard demon hits you!
* * * LOW HITPOINT WARNING * * *
The blizzard demon hits you but does no damage.
Your acid blob barely misses the blizzard demon.
The ice devil hits your acid blob. The ice devil freezes your acid blob!
The ice devil is burned by acid!
The deep elf demonologist mumbles some strange words.
Send 'em back where they came from!
Your acid blob dissolves into a puddle of slime!
Okay, then.
Activating: Oozemancy (1% risk of failure)
Press: ? - help, Dir - look around, f - activate Slime begins to ooze from the nearby walls!
The walls burn the blizzard demon!
The blizzard demon waves its arms in wide circles.
The air twists around and strikes you.
* * * LOW HITPOINT WARNING * * *
The walls burn the shadow demon!
The wall burns the rust devil!
The walls burn the ice devil!
The walls burn the deep elf demonologist!
The deep elf demonologist casts a spell.
Unknown command.
Unknown command.
Unknown command.
You feel better.
You have got your breath back.
The walls burn the blizzard demon!
The blizzard demon misses you.
The blizzard demon hits you but does no damage.
The walls burn the shadow demon!
The wall burns the rust devil!
The wall burns the ice devil!
The walls burn the deep elf demonologist!
Unknown command.
You feel better.
The walls burn the blizzard demon!
The blizzard demon gestures at you. The bolt of cold hits you!
You feel a terrible chill!
The walls burn the shadow demon!
The wall burns the rust devil!
The walls burn the ice devil!
The ice devil hits you! The ice devil freezes you!!
You feel a terrible chill!
You die...

.............#
##...'## .......)#
#######...#.##
.....#))##
##.##..#)####.## .
##.
#....###...##...#
##.## ..
##.....#)..°°##..#
##.## .3
#.....44..2).)...#
##.## ..
##.....#e...)##..#
##'# ...
#....###24.##..##
#.. .e# ...#..##
##D###### ### ...
......# ### # ..
........ ....##..
..#


You could see a blizzard demon (summoned), a shadow demon (summoned), a deep elf
demonologist, an ice devil (summoned), a rust devil (summoned) and a red devil
(summoned).

Vanquished Creatures
  2 deep elf master archers (Elf:3)
  A deep elf blademaster (Elf:3)
  Roxanne (Elf:3)
  A thorn hunter (Swamp:3)
  A deep elf sorcerer (Elf:3)
  4 deep elf elementalists
  A juggernaut skeleton (Abyss:2)
  2 eleionomae (Swamp:1)
  An ophan (Abyss:2)
  3 deep elf demonologists (Elf:3)
  4 bunyips
  9 deep elf annihilators
  2 dire elephants (Lair:5)
  3 deep elf death magi (Elf:3)
  A deep elf high priest (Elf:3)
  10 hydras
  A rakshasa (Abyss:2)
  2 ghost crabs
  3 catoblepae
  A boulder beetle (Elf:2)
  Erolcha (Orc:1)
  6 alligators
  2 centaur warriors (D:14)
  18 dancing weapons
  4 two-headed ogres
  2 tengu warriors (D:13)
  7 orc high priests (Orc:2)
  13 death yaks
  Urug (D:10)
  Nergalle (D:11)
  11 deep elf knights
  5 skysharks
  Sonja (Orc:1)
  4 skeletal warriors
  2 sixfirhies
  A wretched star (Abyss:2)
  5 goliath frogs
  The ghost of P0WERM0DE the Geomancer, a novice DrEE of Cheibriados (D:9)
  2 bog bodies (Swamp:1)
  3 spriggan druids
  5 deep elf archers
  3 swamp dragons (Swamp:3)
  A wizard (Lair:5)
  A lindwurm (Lair:5)
  29 deep elf pyromancers
  2 orc knights (Orc:2)
  21 deep elf zephyrmancers
  3 ugly things
  An orc sorcerer (Elf:2)
  A will-o-the-wisp (Swamp:2)
  4 torpor snails
  2 manticores
  4 elephants (Lair:4)
  2 black mambas
  An apocalypse crab (Abyss:2)
  An orange demon (Lair:5)
  2 demonic crawlers (Elf:2)
  15 cane toads
  A kobold demonologist (D:14)
  A smoke demon (Abyss:2)
  2 efreet (Abyss:2)
  3 rime drakes (Lair:5)
  11 komodo dragons
  3 centaur skeletons (D:14)
  An ancient zyme (Abyss:2)
  A freezing wraith (Abyss:2)
  2 tengu conjurers
  3 ice devils (Lair:5)
  2 red devils (Lair:5)
  A silent spectre (Abyss:2)
  3 polar bears
  5 trolls
  4 hornets
  22 blink frogs
  2 meliai (D:14)
  5 tyrant leeches
  A hellwing (Lair:5)
  2 large abominations (Abyss:2)
  9 dream sheep
  2 centaur simulacra
  A flying skull (Abyss:2)
  3 slime creatures
  A vampire (D:14)
  5 spriggans
  2 air elementals
  3 ynoxinuls (Abyss:2)
  4 water elementals
  A wraith (D:12)
  2 wyverns
  A fire elemental (Elf:2)
  11 basilisks
  46 yaks
  7 starcursed masses (Abyss:2)
  A steam dragon (D:8)
  15 vampire mosquitoes
  A chaos spawn (Abyss:2)
  8 wargs
  Menkaure (D:6)
  A small abomination (Abyss:2)
  7 swamp worms
  2 acid dragons
  11 water moccasins
  5 hell hounds
  Duvessa (D:6)
  3 black bears
  A swamp drake (Swamp:2)
  11 orc warriors
  7 ice beasts
  3 sky beasts
  24 wolves
  8 ogres
  3 centaurs
  8 kobold brigands
  15 bullfrogs
  3 earth elementals
  2 scorpions
  12 wights
  10 killer bees
  2 electric eels
  9 howler monkeys (D:9)
  A crimson imp (Abyss:2)
  A lava snake (D:8)
  28 orc priests
  5 jellies
  5 hounds
  A sleepcap (D:5)
  2 gnoll boudas
  6 iguanas
  16 orc wizards
  2 hell rats (D:8)
  A mummy (D:5)
  3 adders
  22 gnolls
  A river rat (D:8)
  3 shadow imps (D:7)
  6 white imps
  4 ufetubi
  3 worms
  2 dart slugs
  50 orcs
  5 ball pythons
  8 endoplasms
  11 giant cockroaches
  4 goblins
  7 hobgoblins
  10 jackals
  18 kobolds
  10 quokkas
  3 bats
  4 frilled lizards
  5 rats
835 creatures vanquished.

Vanquished Creatures (collateral kills)
  A hellephant (Abyss:2)
  A deep elf blademaster (Elf:3)
  4 deep elf sorcerers
  4 deep elf annihilators (Elf:3)
  A bunyip (Swamp:1)
  2 deep elf demonologists (Elf:3)
  2 deep elf death magi (Elf:3)
  A deep elf high priest (Elf:3)
  3 dancing weapons
  A centaur warrior (D:11)
  An alligator (Swamp:1)
  A death yak (Lair:5)
  3 deep elf knights (Elf:1)
  3 deep elf archers
  4 deep elf pyromancers
  5 deep elf zephyrmancers
  A gargoyle (D:13)
  A komodo dragon (D:11)
  A bloated husk (Swamp:1)
  A meliai (D:14)
  A hornet (Swamp:3)
  2 spriggans (Swamp:3)
  A fire elemental (Elf:1)
  A vampire mosquito (Elf:2)
  A swamp worm (Swamp:3)
  An acid dragon (D:11)
  An electric eel (D:14)
49 creatures vanquished.

Vanquished Creatures (others)
  An acid blob (Elf:1)
  A revenant (Abyss:2)
  A great orb of eyes (Abyss:2)
  A boulder beetle (D:12)
  A deep elf knight (Elf:1)
  2 glowing orange brains
  A deep elf archer (Elf:1)
  A deep elf zephyrmancer (Elf:1)
  3 deep elf pyromancers
  An orc sorcerer (Orc:1)
  2 eyes of devastation (Abyss:2)
  A worldbinder (Abyss:2)
  A smoke demon (Abyss:2)
  A troll (D:12)
  A large abomination (Abyss:2)
  3 raiju (Abyss:2)
  4 slime creatures
  2 ynoxinuls
  2 yaks (D:12)
  2 spriggans
  A wraith (D:12)
  A fire elemental (Elf:2)
  A redback (shapeshifter) (Elf:1)
  2 water moccasins (Lair:3)
  A wolf (Lair:3)
  2 centaurs (D:14)
  2 gnoll sergeants
  An electric eel (D:12)
  141 jellies
  7 orc priests
  2 orc wizards
  A boggart skeleton (D:14)
  A gnoll (Orc:2)
  A white imp (D:12)
  15 orcs
  2 bushes (Lair:5)
  4 foxfires
  70 fungi
  151 plants
438 creatures vanquished.

Grand Total: 1322 creatures vanquished

Notes
Turn   | Place    | Note
-------+----------+-------------------------------------------
     0 | D:1      | 112233 the Felid Air Elementalist began the quest for the
                  | Orb.
     0 | D:1      | Reached XP level 1. HP: 7/7 MP: 4/4
    23 | D:1      | Reached skill level 1 in Conjurations
   145 | D:1      | Reached skill level 3 in Dodging
   145 | D:1      | Reached XP level 2. HP: 4/12 MP: 0/6
   804 | D:1      | Learned a level 2 spell: Static Discharge
  1064 | D:1      | Reached skill level 1 in Fighting
  1064 | D:1      | Reached XP level 3. HP: 15/15 MP: 3/7
  1963 | D:1      | Learned a level 3 spell: Swiftness
  2786 | D:2      | You fall into a shaft and drop 2 floors!
  2814 | D:4      | Noticed a black bear
  3118 | D:4      | Reached XP level 4. HP: 18/19 MP: 2/8
  3188 | D:3      | Noticed Sigmund
  4527 | D:3      | Reached skill level 4 in Dodging
  4793 | D:3      | Found a hazy altar of Hepliaklqana.
  4986 | D:2      | Found a runed translucent door.
  4987 | D:2      | Noticed Crazy Yiuf
  5627 | D:4      | Found a staircase to the Ecumenical Temple.
  5721 | D:5      | Entered Level 5 of the Dungeon
  5730 | D:5      | Reached XP level 5. HP: 13/22 MP: 1/10
  5778 | D:5      | Learned a level 4 spell: Airstrike
  5806 | D:5      | Noticed an ogre
  6268 | D:4      | Killed a black bear
  6269 | D:4      | Gained mutation: You are covered in thick fur. (AC +2)
                  | [Felid growth]
  6269 | D:4      | Reached XP level 6. HP: 27/27 MP: 0/12
  6359 | D:4      | Found a large runed translucent door.
  6360 | D:4      | Found a large runed translucent door.
  6363 | D:4      | Noticed Pascal76's ghost (amateur GrBe)
  6828 | D:4      | Reached skill level 5 in Dodging
  7382 | D:5      | Noticed an ice beast
  7807 | D:4      | Reached XP level 7. HP: 25/31 MP: 8/14
  8538 | Temple   | Entered the Ecumenical Temple
  8843 | D:5      | Found a shimmering altar of Xom.
  8893 | D:5      | Found a snail-covered altar of Cheibriados.
  9170 | D:5      | Reached skill level 5 in Spellcasting
  9938 | D:5      | Reached skill level 6 in Dodging
 10530 | D:6      | Reached XP level 8. HP: 33/36 MP: 3/17
 10972 | D:6      | Noticed Menkaure
 10975 | D:6      | Killed Menkaure
 10990 | D:6      | Noticed Eustachio
 11130 | D:6      | Reached skill level 5 in Air Magic
 11260 | D:6      | Noticed Dowan
 11263 | D:6      | Noticed Duvessa
 11269 | D:6      | Killed Duvessa
 11704 | D:7      | Reached skill level 7 in Dodging
 12111 | D:7      | Identified the +8 whip "Bubodul" {drain, *Slow Str+3 SInv
                  | Stlth+}
 12168 | D:7      | Reached skill level 5 in Fighting
 12668 | D:7      | Reached XP level 9. HP: 40/40 MP: 12/20
 13448 | D:7      | Found a shimmering blue altar of Sif Muna.
 13747 | D:8      | Found Hilarch's Magic Scroll Boutique.
 13755 | D:8      | Bought a scroll of identify for 28 gold pieces
 13755 | D:8      | Bought a scroll of fear for 56 gold pieces
 13800 | D:8      | Found Uppiwo's Magic Scroll Boutique.
 13805 | D:8      | Bought a scroll of teleportation for 42 gold pieces
 13805 | D:8      | Bought a scroll of teleportation for 42 gold pieces
 14138 | D:8      | Found Meuhiaq's Weapon Emporium.
 14140 | D:8      | Reached skill level 8 in Dodging
 14175 | D:8      | Noticed a death yak
 14706 | D:10     | Entered Level 10 of the Dungeon
 14706 | D:10     | Found a staircase to the Orcish Mines.
 15620 | D:8      | Reached XP level 10. HP: 41/45 MP: 4/23
 15631 | D:8      | Reached skill level 9 in Dodging
 15915 | D:8      | Noticed a two-headed ogre
 15917 | D:8      | Killed a two-headed ogre
 16018 | D:8      | Found Rohil's Distillery.
 16057 | D:8      | Noticed a two-headed ogre
 16080 | D:8      | Killed a two-headed ogre
 16211 | D:8      | Found Asyitecw's Assorted Antiques.
 16214 | D:8      | Bought a potion of heal wounds for 140 gold pieces
 16214 | D:8      | Bought a potion of curing for 84 gold pieces
 16220 | D:8      | Noticed a death yak
 16235 | D:8      | Noticed a death yak
 18154 | D:10     | Noticed Urug
 18160 | D:10     | Killed Urug
 18161 | D:10     | Reached skill level 10 in Dodging
 18955 | D:10     | Noticed a deep elf pyromancer
 18957 | D:10     | Killed a deep elf pyromancer
 18958 | D:10     | Reached skill level 10 in Spellcasting
 19287 | D:10     | Reached XP level 11. HP: 42/50 MP: 7/26
 20318 | D:9      | Found a sparkling altar of Nemelex Xobeh.
 20436 | D:9      | Found a runed translucent gate.
 20437 | D:9      | Found a runed translucent gate.
 20437 | D:9      | Found a runed translucent gate.
 20439 | D:9      | Noticed P0WERM0DE's ghost (novice DrEE)
 20480 | D:9      | Found a viscous altar of Jiyva.
 20756 | D:9      | Found Cexas's Antique Armour Shop.
 21068 | D:8      | Found a staircase to the Lair.
 21962 | D:9      | Killed P0WERM0DE's ghost
 22121 | D:9      | Became a worshipper of Jiyva Joemuhiu the Shapeless
 22869 | D:8      | Bought a scroll of teleportation for 42 gold pieces
 22869 | D:8      | Bought a scroll of teleportation for 42 gold pieces
 22869 | D:8      | Bought a scroll of identify for 28 gold pieces
 23219 | Orc:1    | Entered Level 1 of the Orcish Mines
 23342 | Orc:1    | Killed an orc sorcerer
 23414 | Orc:1    | Noticed Erolcha
 23416 | Orc:1    | Killed Erolcha
 23417 | Orc:1    | Reached skill level 11 in Dodging
 23607 | Orc:1    | Noticed Sonja
 23610 | Orc:1    | Killed Sonja
 23693 | Orc:1    | Found a runed translucent door.
 23698 | Orc:1    | Noticed a balrug
 23823 | Orc:1    | Reached * piety under Jiyva
 24076 | Orc:2    | Entered Level 2 of the Orcish Mines
 24252 | Orc:2    | Found a staircase to the Elven Halls.
 24278 | Orc:2    | Noticed an orc knight
 24289 | Elf:1    | Entered Level 1 of the Elven Halls
 24289 | Elf:1    | Noticed a deep elf zephyrmancer
 24289 | Elf:1    | Noticed a deep elf annihilator
 24289 | Elf:1    | Noticed a deep elf pyromancer
 24289 | Elf:1    | Noticed a deep elf pyromancer
 24289 | Elf:1    | Noticed a deep elf zephyrmancer
 24289 | Elf:1    | Noticed a deep elf annihilator
 24289 | Elf:1    | Found a runed translucent gate.
 24289 | Elf:1    | Found a runed translucent gate.
 24289 | Elf:1    | Found a runed translucent gate.
 24289 | Elf:1    | Found a runed translucent gate.
 24289 | Elf:1    | Found a runed translucent gate.
 24289 | Elf:1    | Found a runed translucent gate.
 24289 | Elf:1    | Reached ** piety under Jiyva
 24384 | Orc:2    | Killed an orc knight
 24489 | Orc:2    | Noticed an orc high priest
 24500 | Orc:2    | Killed an orc high priest
 24603 | Orc:2    | Noticed an orc knight
 24615 | Orc:2    | Killed an orc knight
 24640 | Orc:2    | Noticed an orc high priest
 24650 | Orc:2    | Killed an orc high priest
 24806 | Orc:2    | Noticed an orc high priest
 24985 | Orc:2    | Found Kojicket's Magic Scroll Emporium.
 24985 | Orc:2    | Found Tuerytua's General Store.
 25042 | Orc:2    | Noticed an orc high priest
 25055 | Orc:2    | Noticed a sixfirhy
 25101 | Orc:2    | Killed an orc high priest
 25102 | Orc:2    | Gained mutation: Your thick and shaggy fur keeps you warm.
                  | (AC +3, rC+) [Felid growth]
 25102 | Orc:2    | Reached XP level 12. HP: 56/56 MP: 0/28
 25309 | Orc:2    | Found Vymaf's Armour Shop.
 25363 | Orc:2    | Reached skill level 12 in Dodging
 25369 | Orc:2    | Noticed an orc high priest
 25387 | Orc:2    | Killed an orc high priest
 25575 | Orc:2    | Noticed an orc high priest
 25581 | Orc:2    | Killed an orc high priest
 25584 | Orc:2    | Noticed an orc high priest
 25596 | Orc:2    | Killed an orc high priest
 25648 | Orc:2    | Found Amarr's Armour Emporium.
 25648 | Orc:2    | Found Hulet's Antique Weapon Boutique.
 25671 | Orc:2    | Killed an orc high priest
 25836 | Lair:1   | Entered Level 1 of the Lair of Beasts
 25881 | Lair:1   | Reached *** piety under Jiyva
 25915 | Lair:1   | Gained mutation: Your flesh is heat resistant. (rF+)
                  | [Jiyva's grace]
 25915 | Lair:1   | Gained mutation: Your flesh is very heat resistant. (rF++)
                  | [Jiyva's grace]
 25915 | Lair:1   | Gained mutation: Your flesh is almost immune to the effects
                  | of heat. (rF+++) [Jiyva's grace]
 25915 | Lair:1   | Gained mutation: You are partially covered in iridescent
                  | scales. (AC +2) [Jiyva's grace]
 25919 | Lair:2   | Found a transporter.
 26705 | Lair:2   | Reached skill level 13 in Dodging
 26952 | Lair:2   | Reached skill level 10 in Fighting
 27158 | Lair:2   | Learned a level 7 spell: Dragon Form
 27250 | Lair:2   | Noticed tmaa's ghost (journeyman MiFi)
 27265 | Lair:2   | Found a bloodstained altar of Trog.
 27281 | Lair:2   | Found a transporter.
 27388 | Lair:2   | Reached **** piety under Jiyva
 27404 | Lair:2   | Found a staircase to the Snake Pit.
 27638 | Lair:3   | Noticed a six-headed hydra
 27653 | Lair:2   | Reached skill level 1 in Transmutations
 27820 | Lair:3   | Killed a six-headed hydra
 28052 | Lair:3   | Reached XP level 13. HP: 61/61 MP: 31/31
 28712 | Lair:3   | Reached ***** piety under Jiyva
 28786 | Lair:3   | Reached skill level 14 in Dodging
 28834 | Lair:3   | Found a staircase to the Swamp.
 28874 | Lair:3   | Lost mutation: Your flesh is almost immune to the effects
                  | of heat. (rF+++) [Jiyva's grace]
 28874 | Lair:3   | Lost mutation: Your flesh is very heat resistant. (rF++)
                  | [Jiyva's grace]
 28874 | Lair:3   | Gained mutation: Your mind is acute. (Int +4, Str/Dex -1)
                  | [Jiyva's grace]
 28874 | Lair:3   | Gained mutation: Your mind is very acute. (Int +8, Str/Dex
                  | -2) [Jiyva's grace]
 28874 | Lair:3   | Gained mutation: You are agile. (Dex +4, Str/Int -1)
                  | [Jiyva's grace]
 28874 | Lair:3   | Lost strength.
 28874 | Lair:3   | Gained mutation: You are very agile. (Dex +8, Str/Int -2)
                  | [Jiyva's grace]
 29349 | D:11     | Found a portal to a secret trove of treasure.
 29416 | D:11     | Found a runed translucent gate.
 29417 | D:11     | Found a runed translucent gate.
 29418 | D:11     | Found a runed translucent gate.
 29427 | D:11     | Noticed Conn's ghost (journeyman OpFE)
 29924 | D:11     | Noticed Nergalle
 29929 | D:11     | Killed Nergalle
 30240 | D:12     | Found a transporter.
 30245 | D:12     | Found a transporter.
 30246 | D:12     | Noticed TimeIsEndless's ghost (journeyman VSMo)
 30326 | D:12     | Gained mutation: You have acidic saliva. [Jiyva's grace]
 30326 | D:12     | Gained mutation: You are covered in slimy tendrils that may
                  | disarm your opponents. [Jiyva's grace]
 30326 | D:12     | Gained mutation: Your body has grown eyes which may confuse
                  | attackers. (Acc +3) [Jiyva's grace]
 30326 | D:12     | Gained mutation: Your body has grown many eyes which may
                  | confuse attackers. (Acc +5) [Jiyva's grace]
 30476 | D:12     | Reached ****** piety under Jiyva
 30924 | D:13     | Reached skill level 5 in Transmutations
 31329 | D:13     | Learned a level 3 spell: Mephitic Cloud
 31489 | D:14     | Found a white marble altar of Elyvilon.
 31527 | D:14     | Reached XP level 14. HP: 33/67 MP: 26/33
 31634 | D:14     | Identified the +2 war axe of the Thirteen Gods {flame,
                  | *Rage +Blink rPois}
 31732 | D:13     | Reached skill level 15 in Dodging
 31975 | Lair:4   | Noticed Dory's ghost (journeyman MeEE)
 31983 | Lair:4   | Lost mutation: You are very agile. (Dex +8, Str/Int -2)
                  | [Jiyva's grace]
 31983 | Lair:4   | Lost mutation: Your mind is very acute. (Int +8, Str/Dex
                  | -2) [Jiyva's grace]
 31983 | Lair:4   | Lost mutation: Your mind is acute. (Int +4, Str/Dex -1)
                  | [Jiyva's grace]
 31983 | Lair:4   | Lost mutation: Your body has grown many eyes which may
                  | confuse attackers. (Acc +5) [Jiyva's grace]
 31983 | Lair:4   | Gained mutation: You passively dampen the noise of your
                  | surroundings. [Jiyva's grace]
 31983 | Lair:4   | Gained mutation: Your rubbery body absorbs attacks. (AC +1,
                  | EV +1) [Jiyva's grace]
 31983 | Lair:4   | Gained mutation: Your pliable body absorbs attacks. (AC +2,
                  | EV +2) [Jiyva's grace]
 31983 | Lair:4   | Gained mutation: Your gelatinous body deflects attacks. (AC
                  | +3, EV +3) [Jiyva's grace]
 32449 | Lair:4   | Found a transporter.
 32469 | Lair:4   | Found a transporter.
 32642 | Lair:4   | Reached skill level 15 in Spellcasting
 33442 | Lair:5   | Entered Level 5 of the Lair of Beasts
 34286 | Lair:5   | Found a burning altar of Makhleb.
 34579 | Lair:5   | Reached skill level 16 in Dodging
 34987 | Lair:5   | Found a staircase to the Slime Pits.
 35004 | Lair:5   | Found a viscous altar of Jiyva.
 35027 | Lair:5   | Reached XP level 15. HP: 73/73 MP: 33/35
 35116 | Lair:5   | Lost mutation: Your body has grown eyes which may confuse
                  | attackers. (Acc +3) [Jiyva's grace]
 35116 | Lair:5   | Gained mutation: Your translucent skin slightly reduces
                  | your foes' accuracy. (Stealth+) [Jiyva's grace]
 35116 | Lair:5   | Gained mutation: Your translucent skin reduces your foes'
                  | accuracy. (Stealth+) [Jiyva's grace]
 35116 | Lair:5   | Gained mutation: Your transparent skin significantly
                  | reduces your foes' accuracy. (Stealth+) [Jiyva's grace]
 35116 | Lair:5   | Gained mutation: Your system is resistant to poisons.
                  | (rPois) [Jiyva's grace]
 35847 | Lair:5   | Found a gateway to Hell.
 36303 | D:8      | Bought a potion of experience for 650 gold pieces
 36303 | D:8      | Reached XP level 16. HP: 77/77 MP: 37/37
 36703 | Slime:1  | Entered Level 1 of the Pits of Slime
 36728 | Slime:3  | Noticed an acid blob
 36825 | Slime:5  | Entered Level 5 of the Pits of Slime
 36844 | Slime:5  | Found a viscous altar of Jiyva.
 36844 | Slime:5  | Noticed an acid blob
 36846 | Slime:5  | Noticed an acid blob
 36846 | Slime:5  | Noticed an acid blob
 36846 | Slime:5  | Noticed an acid blob
 36849 | Slime:5  | Noticed an acid blob
 36850 | Slime:5  | Noticed the Royal Jelly
 36854 | Slime:5  | Identified the amulet of Xom's Capriciousness {Faith Will+
                  | rCorr}
 36860 | Slime:5  | Noticed an acid blob
 36870 | Slime:5  | Got a slimy rune of Zot
 36873 | Slime:5  | Identified the +10 longbow "Deoxe" {drain, rElec rPois rN+}
 36875 | Slime:5  | Noticed an acid blob
 36886 | Slime:5  | Identified the staff of death "Recofual" {rC+ rN+ Will+
                  | Dex+2}
 36920 | Slime:5  | Noticed an acid blob
 37067 | Slime:5  | Noticed an acid blob
 37103 | Slime:4  | Noticed an acid blob
 37331 | D:11     | You showed the slimy rune of Zot to enter a treasure trove
 37332 | Trove    | Entered a treasure trove
 37349 | Trove    | Got Sif Muna's Notes on Macabre Momentum
 37352 | Trove    | Got Oweech Kahi's Parchment of Exhumation
 37357 | Trove    | Got Sif Muna's Cyclopedia of Galvanic Reformation
 37376 | Trove    | Got Sif Muna's Almanac of the Wendigo
 37389 | Trove    | Got Zidemuph's Handbook of Combustion and Minerals
 37405 | Trove    | Learned a level 5 spell: Irradiate
 37408 | Trove    | Learned a level 2 spell: Wereblood
 38026 | D:14     | Found a gate to the Vaults.
 38209 | D:15     | Entered Level 15 of the Dungeon
 38525 | D:14     | Reached skill level 17 in Dodging
 38765 | Elf:1    | Found a runed translucent door.
 38767 | Elf:1    | Found a runed translucent door.
 39018 | Elf:1    | Paralysed by an air elemental for 1 turns
 39290 | Elf:1    | Noticed an Executioner
 39292 | Elf:1    | Noticed a Brimstone Fiend
 39295 | Elf:1    | a deep elf demonologist changed into an acid blob
 39295 | Elf:1    | Noticed an acid blob
 39340 | Elf:1    | Killed an acid blob
 39515 | Elf:1    | Reached skill level 10 in Transmutations
 39673 | Elf:1    | Noticed a golden dragon
 39940 | Elf:1    | Reached skill level 5 in Unarmed Combat
 40281 | Elf:1    | Identified a scroll of acquirement
 40285 | Elf:1    | Acquired the amulet of the Commoners {Regen+ Str+3}
 40341 | Elf:2    | Learned a level 4 spell: Summon Lightning Spire
 40727 | Elf:2    | Reached XP level 17. HP: 82/82 MP: 13/38
 40861 | Elf:2    | Reached skill level 18 in Dodging
 41324 | Elf:2    | Found a huge runed translucent gate.
 41324 | Elf:2    | Found a huge runed translucent gate.
 41324 | Elf:2    | Found a huge runed translucent gate.
 41324 | Elf:2    | Found a huge runed translucent gate.
 41324 | Elf:2    | Found a huge runed translucent gate.
 41477 | Elf:3    | Entered Level 3 of the Elven Halls
 41658 | Elf:3    | Identified Roxanne's Cyclopedia of the Switch
 41658 | Elf:3    | Noticed Roxanne
 41671 | Elf:3    | Killed Roxanne
 41696 | Elf:3    | Found Xeutehaf's Magic Scroll Shop.
 41777 | Elf:3    | Learned a level 6 spell: Statue Form
 42166 | Elf:3    | Noticed a deep elf master archer
 42186 | Elf:3    | HP: 4/126 [deep elf master archer/arrow (27)]
 42187 | Elf:3    | Shot with an arrow by a deep elf master archer
 42188 | Elf:3    | Reached XP level 16. HP: -12/120 MP: 36/38
 42216 | Elf:3    | Identified the +0 scale mail "Hilior" {Harm Rampage Int-5
                  | SInv}
 42216 | Elf:3    | Noticed a deep elf blademaster
 42362 | Elf:3    | Identified the +1 hand axe "Fubb" {heavy, rCorr Str+2
                  | Stlth+}
 42362 | Abyss:2  | Cast into level 2 of the Abyss (a deep elf sorcerer)
 42501 | Abyss:2  | Paralysed by you for 4 turns
 42539 | Abyss:2  | Lost mutation: You are partially covered in iridescent
                  | scales. (AC +2) [Jiyva's grace]
 42539 | Abyss:2  | Lost mutation: Your gelatinous body deflects attacks. (AC
                  | +3, EV +3) [Jiyva's grace]
 42539 | Abyss:2  | Lost mutation: Your transparent skin significantly reduces
                  | your foes' accuracy. (Stealth+) [Jiyva's grace]
 42539 | Abyss:2  | Gained mutation: Your mind is acute. (Int +4, Str/Dex -1)
                  | [Jiyva's grace]
 42539 | Abyss:2  | Gained mutation: Your mind is very acute. (Int +8, Str/Dex
                  | -2) [Jiyva's grace]
 42539 | Abyss:2  | Gained mutation: You are partially covered in iridescent
                  | scales. (AC +2) [Jiyva's grace]
 42539 | Abyss:2  | Gained mutation: You are mostly covered in iridescent
                  | scales. (AC +4) [Jiyva's grace]
 42586 | Abyss:2  | Noticed a bone dragon
 42597 | Abyss:2  | Slimified a bone dragon
 42597 | Abyss:2  | a bone dragon changed into an acid blob
 42597 | Abyss:2  | Noticed an acid blob
 42681 | Abyss:2  | Noticed a hellephant
 42692 | Abyss:2  | Killed a hellephant
 42828 | Elf:3    | Escaped the Abyss
 42831 | Elf:3    | Noticed a deep elf blademaster
 42833 | Elf:3    | Noticed a Tzitzimitl
 42835 | Elf:3    | Identified the +0 robe "Yliobut" {-Tele Drain Will+++
                  | Slay+6}
 42838 | Elf:3    | Killed a deep elf blademaster
 42850 | Elf:3    | Was placed under penance by Jiyva
 43066 | Elf:3    | Reached skill level 19 in Dodging
 43407 | Snake:1  | Entered Level 1 of the Snake Pit
 43480 | Swamp:1  | Entered Level 1 of the Swamp
 43623 | Swamp:1  | Gained mutation: You are frail. (-10% HP) [the
                  | all-consuming vengeance of Jiyva]
 43623 | Swamp:1  | Lost mutation: Your flesh is heat resistant. (rF+) [the
                  | all-consuming vengeance of Jiyva]
 43623 | Swamp:1  | Gained mutation: You are vulnerable to heat. (rF-) [the
                  | all-consuming vengeance of Jiyva]
 43623 | Swamp:1  | Lost mutation: You are covered in slimy tendrils that may
                  | disarm your opponents. [the all-consuming vengeance of
                  | Jiyva]
 43875 | Swamp:1  | Reached XP level 17. HP: 75/75 MP: 18/39
 43983 | Swamp:1  | Slain by a bog body
 43984 | Swamp:1  | Reached XP level 16. HP: -2/108 MP: 36/38
 44056 | Swamp:1  | Reached skill level 15 in Fighting
 44549 | Swamp:1  | Lost mutation: You have acidic saliva. [the all-consuming
                  | vengeance of Jiyva]
 45033 | Swamp:2  | Was forgiven by Jiyva
 45727 | Swamp:3  | Noticed a thorn hunter
 45735 | Swamp:3  | Killed a thorn hunter
 46279 | Elf:3    | Killed a deep elf master archer
 46289 | Elf:3    | Noticed an Ice Fiend
 46374 | Elf:3    | Killed a deep elf blademaster
 46418 | Elf:3    | Identified the staff of fire "Pug Deen" {Fly rF+ rC+ Int-4}
 46475 | Elf:3    | Identified the +5 plate armour "Seon" {rF+ rCorr Int-4}
 46475 | Elf:3    | Noticed a deep elf master archer
 46493 | Elf:3    | Killed a deep elf master archer
 46607 | Elf:3    | Reached skill level 20 in Dodging
 46632 | Elf:3    | Slain by an ice devil

Illustrated notes

Levels and vault maps discovered:
D:1:      nicolae_arrival_memento_mori, layout_basic, grunt_decor_junction,
          grunt_decor_cap
D:2:      layout_rooms, uniq_crazy_yiuf_cottage
D:3:      layout_rooms, mainiacjoe_overflow_concentric_impassable, uniq_sigmund
D:4:      layout_loops_ring, minmay_temple_entry_from_below_a, serial_glass,
          glass_columns_c, glass_columns_c, ebering_ghost_disaster_area
D:5:      layout_loops_ring, mainiacjoe_overflow_alcove_2, slow_altar_2,
          portal_sewer_entry_b
D:6:      layout_loops_ring, mainiacjoe_overflow_boulevard,
          mainiacjoe_overflow_big_doors, uniq_menkaure, uniq_duvessa,
          uniq_eustachio
D:7:      layout_loops_ring, kennysheep_orc_sif_temple, glass_columns_a
D:8:      layout_basic, dpeg_lair_monsters, serial_shops, nicolae_stop_n_shop_1,
          shop, kennysheep_mini, nicolae_shop_hallway_stairs,
          nicolae_inconvenience_store
D:9:      layout_cave_pods, mainiacjoe_overflow_surrounded_room, serial_shops,
          shop, serial_co_window_serial, co_window_paths_a,
          co_window_of_opportunity_a, co_window_of_opportunity_a,
          co_window_cross_1, co_window_paths_a, co_window_corner_a,
          co_window_paths_a, co_window_of_opportunity_c,
          co_window_of_opportunity_c, co_window_cross_4, co_window_broadway_b,
          co_window_of_opportunity_c, co_window_of_opportunity_c,
          co_window_corner_cb, glass_columns_a, glass_columns_a,
          glass_columns_a, glass_columns_a, glass_columns_b,
          gammafunk_ghost_ooze, minmay_misc_feat_chi, minmay_misc_feat_tiny,
          chequers_serial_rivers_marsh
D:10:     layout_stronghold, nicolae_overflow_hidden_temple, orc_0_dummy,
          serial_ice, serial_ice_b, serial_ice_h, serial_ice_e, serial_ice_o,
          chequers_serial_rivers_micro_e, uniq_urug
D:11:     layout_irregular_city, gammafunk_ghost_spectres, enter_trove_3,
          nicolae_hexahallways, minivault_20, nicolae_figureground_sparkle,
          uniq_nergalle
D:12:     layout_big_octagon, gammafunk_ghost_hive, serial_ice, serial_ice_d,
          serial_ice_m, serial_ice_c, serial_ice_n, the_hattery
D:13:     layout_rooms
D:14:     layout_basic, hangedman_vaults_entry_quadrant_bands, elyvilon_altar_4
D:15:     grunt_enter_depths_snipers, layout_small_grid, lemuel_doored_altar,
          chequers_serial_rivers_room_a
Temple:   nicolae_temple_figure_eight
Lair:1:   layout_misc_corridors
Lair:2:   layout_loops_ring, guppyfry_snake_entry_island,
          gammafunk_ghost_wrathful_warriors, lemuel_fruit_tree
Lair:3:   layout_regular_city, minmay_swamp_entry_reptiles, minivault_27
Lair:4:   layout_regular_city, gammafunk_ghost_abyssal_escape,
          serial_bayou_pond_c, kennysheep_basilisk_garden
Lair:5:   evil_forest, layout_gridlike, dpeg_slime_entry_corner,
          serial_bayou_pond_a
Swamp:1:  layout_falls_marsh, nicolae_swamp_feature_on_the_river_bank,
          swamp_pool1
Swamp:2:  layout_basic_swamp, nicolae_swamp_well_well_well
Swamp:3:  layout_basic_swamp, evilmike_swamp_ruin_house_1,
          nicolae_swamp_some_circles
Snake:1:  layout_basic, nicolae_integral_box
Slime:1:  layout_caves, basic_altar
Slime:2:  layout_caves, nicolae_slime_barrier
Slime:3:  layout_caves
Slime:4:  layout_caves
Slime:5
Orc:1:    dreamdust_dug_too_deep, layout_caves, uniq_sonja, uniq_erolcha
Orc:2:    st_orc_town, layout_caves, serial_shops, shop
Elf:1:    nicolae_elf_arrival_dilemma, layout_loops_ring,
          hangedman_elven_crosses_minicolossus, nicolae_twisting_strands
Elf:2:    elven_hall_of_blades_hangedman_alternative [nicolae_blade_bullseye],
          layout_geoelf_grid, einodemon_crawler_minivault
Elf:3:    grunt_elf_hall_diamonds, layout_geoelf_diagonals, serial_shops, shop,
          hangedman_elven_pyramids, uniq_roxanne

Skill      XL: |  1  2  3  4  5  6  7  8  9 10 11 12 13 14 15 16 17 |
---------------+----------------------------------------------------+-----
Conjurations   | 1 |  1.0
Dodging        | 3 4 5 6 7 8 10 11 13 14 16 20 18 | 20.0
Air Magic      | 3 4 5 6 7 8 |  8.6
Fighting       | 1 2 3 5 6 7 8 10 11 12 15 14 | 15.6
Spellcasting   | 3 4 5 6 8 10 11 13 14 15 16 17 | 17.2
Transmutations | 2 5 8 9 13 11 | 13.3
Unarmed Combat | 2 9 7 |  9.6
Stealth        | |  2.8

Action                     |  1- 3 |  4- 6 |  7- 9 | 10-12 | 13-15 | 16-18 || total
---------------------------+-------+-------+-------+-------+-------+-------++-------
  Melee: Unarmed           |    14 |    13 |    24 |    18 |    10 |   357 ||   436
         Bite              |     3 |     2 |     3 |     1 |     4 |    55 ||    68
         Punch             |     1 |       |       |     1 |       |    24 ||    26
         Tailslap          |       |       |       |       |       |    70 ||    70
   Cast: Shock             |   135 |   131 |   178 |     5 |     2 |       ||   451
         Static Discharge  |       |    29 |    17 |    14 |     5 |     3 ||    68
         Airstrike         |       |     5 |    83 |   442 |   719 |   441 ||  1690
         Summon Lightning  |       |       |       |       |       |    60 ||    60
         Dragon Form       |       |       |       |       |       |    36 ||    36
         Wereblood         |       |       |       |       |       |     5 ||     5
         Mephitic Cloud    |       |       |       |       |       |     1 ||     1
         Swiftness         |       |       |       |       |       |     2 ||     2
         Irradiate         |       |       |       |       |       |     1 ||     1
 Invoke: Oozemancy         |       |       |       |       |       |     4 ||     4
         Slimify           |       |       |       |       |       |     2 ||     2
Ability: Breathe Fire      |       |       |       |       |       |     4 ||     4
  Evoke: Wand              |       |     3 |       |     7 |     2 |     1 ||    13
         Box of beasts     |       |       |       |       |       |     3 ||     3
    Use: Potion            |       |     4 |     4 |     4 |     2 |    14 ||    28
         Scroll            |       |       |    16 |     3 |    12 |     9 ||    40
   Stab: Sleeping          |       |     1 |       |       |       |     2 ||     3
         Paralysed         |       |       |       |       |     5 |       ||     5
         Distracted        |       |       |       |       |       |     1 ||     1
 Armour: Skin              |     1 |    14 |    25 |    42 |    21 |   128 ||   231
  Dodge: Dodged            |    34 |    73 |    70 |   191 |   382 |   499 ||  1249

Table legend: (Time is in decaauts)
 A = Elapsed time spent in this place.
 B = Non-inter-level travel time spent in this place.
 C = Inter-level travel time spent in this place.
 D = Time resting spent in this place.
 E = Time spent auto-exploring this place.
 F = Levels seen in this place.
 G = Mean time per level.
                   A        B        C        D        E       F      G
               +--------+--------+--------+--------+--------+-----+--------+
         Total |  44022 |  40667 |   3355 |  12026 |  21501 |  37 | 1189.8 |
       Dungeon |  26736 |  24742 |   1994 |  10137 |  11449 |  15 | 1782.4 |
        Temple |    170 |    154 |     16 |      0 |    152 |   1 |  170.0 |
          Lair |   7284 |   6554 |    730 |    845 |   4073 |   5 | 1456.8 |
         Swamp |   2371 |   2304 |     67 |    184 |   1715 |   3 |  790.3 |
     Snake Pit |      1 |      1 |      0 |      0 |      0 |   1 |    1.0 |
    Slime Pits |    351 |    232 |    119 |      0 |    186 |   5 |   70.2 |
  Orcish Mines |   2460 |   2293 |    167 |    230 |   1629 |   2 | 1230.0 |
   Elven Halls |   4119 |   3859 |    260 |    609 |   2137 |   3 | 1373.0 |
         Abyss |    446 |    446 |      0 |     19 |    111 |   1 |  446.0 |
         Trove |     81 |     81 |      0 |      0 |     46 |   1 |   81.0 |
               +--------+--------+--------+--------+--------+-----+--------+

Top non-repeatable levels by time:
     D:4: 3632 daAuts
     D:8: 3341 daAuts
     D:9: 3183 daAuts
    D:10: 2954 daAuts
     D:7: 2721 daAuts
     D:5: 2285 daAuts
  Lair:5: 2162 daAuts
     D:1: 1935 daAuts
  Lair:4: 1561 daAuts
   Orc:2: 1525 daAuts
 Swamp:1: 1493 daAuts
   Elf:1: 1491 daAuts
  Lair:3: 1485 daAuts
    D:14: 1455 daAuts
   Elf:3: 1338 daAuts
